 Dungeon Crawl Stone Soup version 0.28.0-47-ge53b351184 (webtiles) character file.

Game seed: 14962486927269613768

14 Acheron the Ducker (level 2, -5/22 HPs)
             Began as a Demonspawn Gladiator on May 5, 2022.
             Was a Follower of Dithmenos.
             Killed from afar by Natasha (8 damage)
             ... with a magic dart
             ... on level 2 of the Dungeon.
             The game lasted 00:01:36 (1027 turns).

Acheron the Ducker (Demonspawn Gladiator)           Turns: 1027, Time: 00:01:38

Health: -5/22      AC:  4    Str: 14    XL:     2   Next: 27%
Magic:  2/2        EV: 12    Int:  9    God:    Dithmenos [*.....]
Gold:   48         SH:  0    Dex: 14    Spells: 1/1 levels left

rFire   . . .      SeeInvis .   a - +0 war axe
rCold   . . .      Faith    .   (no shield)
rNeg    . . .      Spirit   .   b - +0 leather armour
rPois   .          Reflect  .   c - +0 helmet
rElec   .          Harm     .   (no cloak)
rCorr   .          Rampage  .   (no gloves)
Will    .....                   (no boots)
Stlth   ++........              (no amulet)
HPRegen 0.07/turn               (no ring)
MPRegen 0.08/turn               (no ring)

@: wreathed by umbra
A: claws 1
a: Renounce Religion


You were on level 2 of the Dungeon.
You worshipped Dithmenos.
Dithmenos was aware of your devotion.
You visited 1 branch of the dungeon, and saw 2 of its levels.

You collected 48 gold pieces.

Inventory:

Hand Weapons
 a - a +0 war axe (weapon)
Missiles
 d - 3 throwing nets (quivered)
Armour
 b - a +0 leather armour (worn)
 c - a +0 helmet (worn)
 g - a +0 cloak
Scrolls
 e - a scroll of enchant armour {unknown}
 f - a scroll of identify {unknown}
 h - a scroll of vulnerability {unknown}


   Skills:
 * Level 2.0 Fighting
 + Level 2.7 Axes
 * Level 1.9 Throwing
 * Level 2.9 Dodging
 * Level 1.1 Stealth


You had one spell level left.
You didn't know any spells.
Your spell library was empty.

Dungeon Overview and Level Annotations

Branches:
Dungeon (2/15)

Altars:
Dithmenos

Annotations:
D:2 Natasha


Innate Abilities, Weirdness & Mutations

You have sharp fingernails.


Message History

Found 15 gold pieces.
The dart slug barely misses you.
You hit the dart slug.
The dart slug is severely wounded.
The dart slug closely misses you.
You slash the dart slug!
You kill the dart slug!
Dithmenos accepts your kill.
You now have 48 gold pieces (gained 15).
You see here a +0 dagger.
Done exploring.
Done exploring.
(D) Dungeon
Where to? (? - help)
What level of the Dungeon? (default 1, ? - help)
There is a stone staircase leading down here.
You climb downwards.
Level annotation: Natasha Natasha casts a spell at you.
The magic dart hits you!
There is a stone staircase leading up here.
You barely miss Natasha. Natasha closely misses you.
You closely miss Natasha.
Natasha mumbles some strange words.
You hit Natasha but do no damage. You slash the shadow imp! Natasha claws you.
The shadow imp barely misses you. Natasha closely misses you.
You slash Natasha!
Natasha is severely wounded.
You hit the shadow imp.
You kill the shadow imp!
The shadow imp disappears in a puff of smoke!
Natasha barely misses you.
You miss Natasha.
Natasha is severely wounded.
Natasha stares at you and mumbles some strange words.
The magic dart hits you.
* * * LOW HITPOINT WARNING * * *
Natasha stares at you and mumbles some strange words.
The magic dart hits you!
You die...

.........#
....####.#
##......#
#####..# #
#..#.#
#..#.###
#......#
#h.###.#
#@ยง#
#<.###.#
#......#
#..#####
#..# #..#
#..# #..#
...#


You could see Natasha.

Vanquished Creatures
  A dart slug (D:1)
  5 bats (D:1)
  A giant cockroach (D:1)
  A goblin (D:1)
  A hobgoblin (D:1)
  2 kobolds (D:1)
11 creatures vanquished.

Notes
Turn   | Place    | Note
-------+----------+-------------------------------------------
     0 | D:1      | Acheron the Demonspawn Gladiator began the quest for the
                  | Orb.
     0 | D:1      | Reached XP level 1. HP: 16/16 MP: 1/1
   457 | D:2      | Noticed Natasha
   459 | D:2      | Noticed a crimson imp
   662 | D:1      | Gained mutation: You have sharp fingernails. [demonic
                  | ancestry]
   662 | D:1      | Reached XP level 2. HP: 21/22 MP: 2/2
   686 | D:1      | Reached skill level 1 in Stealth
   828 | D:1      | Found a faded altar of an unknown god.
   833 | D:1      | Prayed at the altar of an unknown god.
   833 | D:1      | Became a worshipper of Dithmenos the Shadowed
   833 | D:1      | Reached * piety under Dithmenos
  1027 | D:2      | Killed from afar by Natasha

Illustrated notes

Levels and vault maps discovered:
D:1:      saegor_arrival_simple_a, layout_basic, chequers_ecumenical_altar_grove
D:2:      layout_loops_ring, serial_shops, shop, shop, shop, nicolae_shop_trees,
          nicolae_shop_trees, uniq_natasha

Skill      XL: |  1  2 |
---------------+-------+-----
Stealth        | 1 |  1.1
Fighting       | |  2.0
Axes           | |  2.7
Throwing       | |  1.9
Dodging        | |  2.9

Action                   || total
-------------------------++-------
Melee: War axe           ||    43
Armor: Leather armour    ||    24
Dodge: Dodged            ||    43
